Sharks vs Coyotes
(R1)
Created - 23 avril 2015 at 18:59
Goals
|
| Sharks |
0 |
2 |
1 |
3 |
| Coyotes |
0 |
1 |
3 |
4 |
|
Shots
|
| Sharks |
3 |
9 |
8 |
20 |
| Coyotes |
14 |
7 |
10 |
31 |
|
1st period
No Goal
Penalties :
Chris Stewart (Ari) for Fighting (Major) at 3:34, Shaone Morrisonn (SJS) for Fighting (Major) at 3:34, Shaone Morrisonn (SJS) for instigated a fight (Minor) at 3:34, Shaone Morrisonn (SJS) for instigated a fight (10 Minutes Misconduct) at 3:34, Francis Bouillon (SJS) for Delaying the game (Minor) at 9:02, Michal Rozsival (SJS) for Interference (Minor) at 13:14, Pavel Brendl (Ari) for Holding (Minor) at 15:30, Tuomo Ruutu (SJS) for Roughing (Minor) at 17:52
2nd period
1. Coyotes , Tim Connolly 5 (Tyler Ennis, Marian Gaborik) at 0:40
2. Sharks , Adam Mair 1 (Brandon Yip, Alex Pietrangelo) at 8:18
3. Sharks , Paul Gaustad 4 (Alex Pietrangelo, Dany Heatley) at 12:12 (PP)
Penalties :
Saku Koivu (Ari) for Interference (Minor) at 5:31, Andy Sutton (Ari) for Hooking (Minor) at 11:43, Paul Gaustad (SJS) for Slashing (Minor) at 13:23
3rd period
4. Coyotes , Saku Koivu 3 (Frans Nielsen, Chris Stewart) at 1:07 (PP)
5. Sharks , Ted Purcell 4 (Joe Sakic) at 2:04
6. Coyotes , Frans Nielsen 3 (Drew Miller, Adrian Aucoin) at 5:50 (SH)
7. Coyotes , Marian Gaborik 4 (Tim Connolly) at 7:06 (PP)
Penalties :
Michal Rozsival (SJS) for Hooking (Minor) at 0:30, Saku Koivu (Ari) for Holding (Minor) at 4:29, Shaone Morrisonn (SJS) for Holding (Minor) at 7:04, Paul Gaustad (SJS) for High sticking (Minor) at 9:36, Paul Gaustad (SJS) for Interference (Minor) at 17:49
Goalie Stats
Mike Brodeur (SJS), 27 saves from 31 shots - (0,871), L, 4-3-0, 59:52 minutes
Ryan Miller (Ari), 17 saves from 20 shots - (0,850), W, 5-3-0, 60:00 minutes
Players Stats for Sharks
Player Name G A P +/- PIM S H SB GA TA FO MP PP MP PK MP
------------------------------------------------------------------------------------
Adam Mair 1 0 1 1 0 2 3 0 0 0 1/4 13:31 0:03 1:38
Alex Pietrangelo 0 2 2 0 0 3 0 0 2 1 0/0 23:36 4:22 7:29
Boris Valabik 0 0 0 0 0 0 1 1 0 0 0/0 8:54 0:55 1:14
Brandon Yip 0 1 1 1 0 0 2 0 0 0 0/0 11:54 0:01 0:00
Daniel Alfredsson 0 0 0 -2 0 2 1 2 0 1 1/4 22:09 2:53 4:38
Dany Heatley 0 1 1 -1 0 4 1 1 0 0 0/0 26:03 3:33 8:19
David Hale 0 0 0 0 0 0 1 2 0 0 0/0 16:04 3:59 4:20
Francis Bouillon 0 0 0 1 2 0 0 3 0 0 0/0 10:50 0:00 2:10
Joe Sakic 0 1 1 0 0 2 3 0 0 1 19/32 22:38 2:53 8:16
Johnny Boychuk 0 0 0 -1 0 1 0 0 3 0 0/0 30:19 1:48 9:58
Lasse Kukkonen 0 0 0 0 0 0 0 1 0 0 0/0 3:38 0:00 1:18
Markus Naslund 0 0 0 0 0 0 1 0 0 0 0/0 16:48 2:53 1:35
Martin Samuelsson 0 0 0 0 0 0 0 0 0 0 0/0 8:21 0:00 4:38
Michal Rozsival 0 0 0 -1 4 0 1 2 0 0 0/0 15:29 1:48 0:00
Paul Gaustad 1 0 1 -1 6 2 0 1 0 1 15/25 18:51 3:30 0:00
Shaone Morrisonn 0 0 0 1 19 0 0 0 1 0 0/0 12:21 0:00 2:35
Ted Purcell 1 0 1 1 0 2 0 0 0 0 0/0 13:36 3:32 0:00
Tuomo Ruutu 0 0 0 1 2 2 0 0 0 0 0/0 10:17 0:00 0:00
Players Stats for Coyotes
Player Name G A P +/- PIM S H SB GA TA FO MP PP MP PK MP
------------------------------------------------------------------------------------
Adrian Aucoin 0 1 1 0 0 1 1 1 0 0 0/0 18:39 0:55 4:07
Andy Sutton 0 0 0 0 2 0 0 2 0 0 0/0 12:19 0:05 2:19
Anton Stralman 0 0 0 0 0 0 1 1 0 0 0/0 21:45 5:00 2:19
Chris Stewart 0 1 1 -1 5 4 1 1 0 2 0/1 14:20 5:47 0:00
Denis Grebeshkov 0 0 0 0 0 1 1 1 1 1 0/0 22:41 8:37 0:00
Drew Miller 0 1 1 1 0 0 0 0 0 0 0/2 13:08 0:05 4:09
Erik Christensen 0 0 0 0 0 2 1 0 0 0 3/7 15:06 5:55 0:19
Frans Nielsen 1 1 2 0 0 4 3 1 0 0 5/8 21:13 6:44 4:07
Kurt Sauer 0 0 0 0 0 1 1 1 0 1 0/0 18:09 0:00 4:07
Marian Gaborik 1 1 2 0 0 6 2 0 0 0 0/2 23:42 8:01 2:00
Pavel Brendl 0 0 0 0 2 0 0 0 0 0 2/2 8:11 0:44 0:00
Saku Koivu 1 0 1 -2 4 2 1 0 0 0 5/14 17:21 6:44 0:00
Sami Kapanen 0 0 0 0 0 0 0 0 0 1 0/0 8:32 0:00 0:00
Sergei Gonchar 0 0 0 0 0 2 1 2 0 1 0/0 19:36 8:37 0:00
Shawn Thornton 0 0 0 0 0 0 3 0 0 0 0/0 7:45 0:00 0:17
T.J. Oshie 0 0 0 0 0 2 0 0 0 0 0/0 7:10 0:00 0:00
Tim Connolly 1 1 2 0 0 5 1 1 1 0 12/27 22:47 7:43 2:00
Tyler Ennis 0 1 1 1 0 1 1 0 2 0 2/2 21:05 7:43 0:00
3 Stars
1 - Frans Nielsen (Ari)
2 - Marian Gaborik (Ari)
3 - Tim Connolly (Ari)
Power Play
Sharks - 1 on 4 Attempt(s) - 25,00%
Coyotes - 2 on 9 Attempt(s) - 22,22%
Penalty Kill
Sharks - 7 on 9 Attempt(s) - 77,78%
- Score 0 goal in Penalty Kill
Coyotes - 3 on 4 Attempt(s) - 75,00%
- Score 1 goal in Penalty Kill
Team Stat
Sharks - Hits : 14 - Faceoff Wins : 36 - Blocked Shots : 13 - Penalty Minutes : 33
Coyotes - Hits : 18 - Faceoff Wins : 29 - Blocked Shots : 11 - Penalty Minutes : 13
Official
Referees : Fraser Kerry and StPierre Justin
Linesman : Andy McElman and Dan Schachte
Game Notes
Shaone Morrisonn beats up Chris Stewart at 3:34 of 1st period
Lasse Kukkonen is injured at 9:11 of 1st period (Strained Right Elbow)
Finance
Level 1 -- Attendance: 5971 (99,52%) -- Ticket Income 537 390 $
Level 2 -- Attendance: 4902 (98,04%) -- Ticket Income 303 924 $
Level 3 -- Attendance: 1674 (83,70%) -- Ticket Income 73 656 $
Level 4 -- Attendance: 3141 (78,53%) -- Ticket Income 94 230 $
Luxury Box -- Attendance: 865 (86,50%) -- Ticket Income 173 000 $
Game was played at the The Pack Center'
Total Attendance: 16553 (91,96%)
Total Ticket Income: 1 182 200 $
Other Income: 177 330 $
Total Income: 1 359 530 $
Sharks
5 vs 5 Forward
Center Left Wing Right Wing Time % Phy DF OF
1 Paul Gaustad Dany Heatley Daniel Alfredsson 40 2 1 2
2 Joe Sakic Markus Naslund Ted Purcell 30 2 1 2
3 Adam Mair Tuomo Ruutu Brandon Yip 20 2 2 1
4 Joe Sakic Martin Samuelsson Markus Naslund 10 2 2 1
5 vs 5 Defense
Defense Defense Time % Phy DF OF
1 Michal Rozsival Johnny Boychuk 40 1 2 2
2 Lasse Kukkonen Alex Pietrangelo 30 1 2 2
3 Shaone Morrisonn Francis Bouillon 20 2 2 1
4 David Hale Boris Valabik 10 2 2 1
PowerPlay Forward
Center Left Wing Right Wing Time % Phy DF OF
1 Paul Gaustad Dany Heatley Ted Purcell 60 2 1 2
2 Joe Sakic Markus Naslund Daniel Alfredsson 40 2 1 2
PowerPlay Defense
Defense Defense Time % Phy DF OF
1 Lasse Kukkonen Alex Pietrangelo 60 2 1 2
2 Michal Rozsival Johnny Boychuk 40 2 1 2
Penalty Kill 4 Players Forward
Center Wing Time % Phy DF OF
1 Joe Sakic Dany Heatley 60 1 4 0
2 Daniel Alfredsson Martin Samuelsson 40 1 4 0
Penalty Kill 4 Players Defense
Defense Defense Time % Phy DF OF
1 Lasse Kukkonen Johnny Boychuk 60 1 4 0
2 David Hale Shaone Morrisonn 40 1 4 0
Penalty Kill - 3 Players Forward
Forward Time % Phy DF OF
1 Joe Sakic 60 1 4 0
2 Martin Samuelsson 40 1 4 0
Penalty Kill - 3 Players Defense
Defense Defense Time % Phy DF OF
1 Lasse Kukkonen Johnny Boychuk 60 1 4 0
2 David Hale Shaone Morrisonn 40 1 4 0
4 vs 4 Forward
Center Wing Time % Phy DF OF
1 Daniel Alfredsson Dany Heatley 60 2 2 1
2 Paul Gaustad Ted Purcell 40 2 1 2
4 vs 4 Defense
Defense Defense Time % Phy DF OF
1 Lasse Kukkonen Alex Pietrangelo 60 2 2 1
2 Johnny Boychuk Michal Rozsival 40 2 2 1
Last Minutes Offensive
Center Left Wing Right Wing Defense Defense
Paul Gaustad Dany Heatley Daniel Alfredsson Lasse Kukkonen Alex Pietrangelo
Last Minutes Defensive
Center Left Wing Right Wing Defense Defense
Joe Sakic Markus Naslund Daniel Alfredsson Johnny Boychuk Shaone Morrisonn
Goaltenders
Starting : Mike Brodeur
Backup : Tyler Weiman
Extra Forwards
Normal : Markus Naslund, Paul Gaustad, Brandon Yip - PP : Ted Purcell, Markus Naslund - PK : Dany Heatley
Extra Defensemen
Normal : Johnny Boychuk, Shaone Morrisonn, David Hale - PP : David Hale - PK : Alex Pietrangelo, Francis Bouillon
Penalty Shots
Dany Heatley, Ted Purcell, Tuomo Ruutu, Markus Naslund, Daniel Alfredsson
Coyotes
5 vs 5 Forward
Center Left Wing Right Wing Time % Phy DF OF
1 Tim Connolly Tyler Ennis Marian Gaborik 35 1 1 3
2 Saku Koivu Frans Nielsen Chris Stewart 29 1 2 2
3 Erik Christensen Drew Miller Sami Kapanen 24 1 2 2
4 Pavel Brendl Shawn Thornton T.J. Oshie 12 1 3 1
5 vs 5 Defense
Defense Defense Time % Phy DF OF
1 Denis Grebeshkov Adrian Aucoin 37 1 2 2
2 Kurt Sauer Anton Stralman 34 1 3 1
3 Andy Sutton Sergei Gonchar 28 1 3 1
4 Sergei Gonchar Denis Grebeshkov 1 1 1 3
PowerPlay Forward
Center Left Wing Right Wing Time % Phy DF OF
1 Tim Connolly Tyler Ennis Marian Gaborik 57 0 0 5
2 Saku Koivu Frans Nielsen Chris Stewart 43 0 0 5
PowerPlay Defense
Defense Defense Time % Phy DF OF
1 Denis Grebeshkov Sergei Gonchar 57 0 0 5
2 Anton Stralman Erik Christensen 43 0 0 5
Penalty Kill 4 Players Forward
Center Wing Time % Phy DF OF
1 Frans Nielsen Drew Miller 54 0 5 0
2 Tim Connolly Marian Gaborik 46 0 5 0
Penalty Kill 4 Players Defense
Defense Defense Time % Phy DF OF
1 Adrian Aucoin Kurt Sauer 54 0 5 0
2 Anton Stralman Andy Sutton 46 0 5 0
Penalty Kill - 3 Players Forward
Forward Time % Phy DF OF
1 Drew Miller 52 0 5 0
2 Frans Nielsen 48 0 5 0
Penalty Kill - 3 Players Defense
Defense Defense Time % Phy DF OF
1 Kurt Sauer Adrian Aucoin 52 0 5 0
2 Anton Stralman Andy Sutton 48 0 5 0
4 vs 4 Forward
Center Wing Time % Phy DF OF
1 Tim Connolly Marian Gaborik 52 1 2 2
2 Frans Nielsen Saku Koivu 48 1 3 1
4 vs 4 Defense
Defense Defense Time % Phy DF OF
1 Adrian Aucoin Anton Stralman 52 1 3 1
2 Denis Grebeshkov Kurt Sauer 48 1 3 1
Last Minutes Offensive
Center Left Wing Right Wing Defense Defense
Tim Connolly Tyler Ennis Marian Gaborik Denis Grebeshkov Adrian Aucoin
Last Minutes Defensive
Center Left Wing Right Wing Defense Defense
Frans Nielsen Drew Miller Marian Gaborik Denis Grebeshkov Kurt Sauer
Goaltenders
Starting : Ryan Miller
Backup : Marc Denis
Extra Forwards
Normal : Marian Gaborik, Tyler Ennis, Chris Stewart - PP : Marian Gaborik, Chris Stewart - PK : Drew Miller
Extra Defensemen
Normal : Denis Grebeshkov, Adrian Aucoin, Anton Stralman - PP : Denis Grebeshkov - PK : Kurt Sauer, Adrian Aucoin
Penalty Shots
Marian Gaborik, Tyler Ennis, Drew Miller, Saku Koivu, Tim Connolly
% Time on Ice - Sharks
Lines # - Real PCT - Wanted PCT - Time Play
Normal Forward
1 - 38% - 40% - 14:43
2 - 31% - 30% - 12:00
3 - 26% - 20% - 10:15
4 - 5% - 10% - 2:04
Normal Defense
1 - 38% - 40% - 14:43
2 - 31% - 30% - 11:55
3 - 21% - 20% - 8:07
4 - 11% - 10% - 4:17
PP Forward
1 - 55% - 60% - 3:33
2 - 45% - 40% - 2:53
PP Defense
1 - 72% - 60% - 4:38
2 - 28% - 40% - 1:48
PK Forward
1 - 68% - 60% - 9:54
2 - 32% - 40% - 4:38
PK Defense
1 - 70% - 60% - 10:07
2 - 30% - 40% - 4:25
PK3 Forward
1 - 0% - 60%
2 - 0% - 40%
PK3 Defense
1 - 0% - 60%
2 - 0% - 40%
44 Forward
1 - 0% - 60%
2 - 0% - 40%
44 Defense
1 - 0% - 60%
2 - 0% - 40%
Last Minute Offensive - 0:00
Last Minute Defensive - 0:00
Total
Forward - 60:00
Defense - 60:00
|
% Time on Ice - Coyotes
Lines # - Real PCT - Wanted PCT - Time Play
Normal Forward
1 - 33% - 35% - 12:46
2 - 27% - 29% - 10:34
3 - 22% - 24% - 8:32
4 - 18% - 12% - 7:10
Normal Defense
1 - 36% - 37% - 14:05
2 - 37% - 34% - 14:37
3 - 24% - 28% - 9:33
4 - 2% - 1% - 0:47
PP Forward
1 - 54% - 57% - 7:48
2 - 46% - 43% - 6:44
PP Defense
1 - 59% - 57% - 8:37
2 - 41% - 43% - 5:55
PK Forward
1 - 69% - 54% - 4:26
2 - 31% - 46% - 2:00
PK Defense
1 - 64% - 54% - 4:07
2 - 36% - 46% - 2:19
PK3 Forward
1 - 0% - 52%
2 - 0% - 48%
PK3 Defense
1 - 0% - 52%
2 - 0% - 48%
44 Forward
1 - 0% - 52%
2 - 0% - 48%
44 Defense
1 - 0% - 52%
2 - 0% - 48%
Last Minute Offensive - 0:00
Last Minute Defensive - 0:00
Total
Forward - 60:00
Defense - 60:00
|
Play by Play
1st period
0:01 of 1st period - Paul Gaustad wins face-off versus Tim Connolly in neutral zone.
0:27 of 1st period - Markus Naslund is hit by Saku Koivu and loses puck.
0:46 of 1st period - Slapshot by Michal Rozsival.
0:46 of 1st period - Shot Misses the Net.
0:52 of 1st period - Michal Rozsival is hit by Kurt Sauer and loses puck.
1:48 of 1st period - Slapshot by Adam Mair.
1:48 of 1st period - Shot Misses the Net.
2:59 of 1st period - Icing by Marian Gaborik.
3:00 of 1st period - Joe Sakic wins face-off versus Marian Gaborik in Coyotes zone.
3:09 of 1st period - Slapshot by Marian Gaborik.
3:09 of 1st period - Shot Misses the Net.
3:25 of 1st period - Wrist shot by Marian Gaborik.
3:25 of 1st period - Shot Misses the Net.
3:33 of 1st period - Snap shot by Marian Gaborik.
3:33 of 1st period - Stopped by Mike Brodeur without a rebound.
3:34 of 1st period - Joe Sakic wins face-off versus Saku Koivu in Sharks zone.
3:34 of 1st period - Shaone Morrisonn beats up Chris Stewart.
3:34 of 1st period - Penalty to Chris Stewart for Fighting.
3:34 of 1st period - Penalty to Shaone Morrisonn for Fighting.
3:34 of 1st period - Penalty to Shaone Morrisonn for instigated a fight.
3:34 of 1st period - Penalty to Shaone Morrisonn for instigated a fight.
3:35 of 1st period - Joe Sakic wins face-off versus Tim Connolly in Sharks zone.
3:50 of 1st period - Wrist shot by Tim Connolly.
3:50 of 1st period - Stopped by Mike Brodeur without a rebound.
3:51 of 1st period - Joe Sakic wins face-off versus Saku Koivu in Sharks zone.
5:34 of 1st period - Penalty to Shaone Morrisonn is over, Brandon Yip is send on ice.
5:46 of 1st period - Boris Valabik is hit by Shawn Thornton.
6:15 of 1st period - Wrist shot by Markus Naslund.
6:15 of 1st period - Deflect By Joe Sakic.
6:15 of 1st period - Shot Misses the Net.
6:15 of 1st period - Puck is out of play.
6:16 of 1st period - Erik Christensen wins face-off versus Joe Sakic in Coyotes zone.
6:35 of 1st period - Dany Heatley is hit by Marian Gaborik and loses puck.
6:46 of 1st period - Andy Sutton is hit by Adam Mair and loses puck.
7:15 of 1st period - Icing by Andy Sutton.
7:16 of 1st period - Paul Gaustad wins face-off versus Erik Christensen in Coyotes zone.
8:29 of 1st period - Icing by Anton Stralman.
8:30 of 1st period - Saku Koivu wins face-off versus Paul Gaustad in Coyotes zone.
8:45 of 1st period - Anton Stralman is hit by Daniel Alfredsson.
9:02 of 1st period - Minor Penalty to Francis Bouillon for Delaying the game.
9:03 of 1st period - Joe Sakic wins face-off versus Tim Connolly in Sharks zone.
9:11 of 1st period - Snap shot by Denis Grebeshkov.
9:11 of 1st period - Shot Blocked by Lasse Kukkonen.
9:11 of 1st period - Lasse Kukkonen from Sharks is injured at 9:11 of 1st period (Strained Right Elbow).
9:12 of 1st period - Joe Sakic wins face-off versus Tim Connolly in Sharks zone.
9:28 of 1st period - Backhand shot by Marian Gaborik.
9:28 of 1st period - Stopped by Mike Brodeur with a rebound.
9:38 of 1st period - Slapshot by Chris Stewart.
9:38 of 1st period - Deflect By Frans Nielsen.
9:38 of 1st period - Shot Misses the Net.
9:38 of 1st period - Puck is out of play.
9:39 of 1st period - Saku Koivu wins face-off versus Daniel Alfredsson in Sharks zone.
10:03 of 1st period - Frans Nielsen is hit by Joe Sakic and loses puck.
10:27 of 1st period - Slapshot by Chris Stewart.
10:27 of 1st period - Shot Blocked by Dany Heatley.
10:29 of 1st period - Snap shot by Frans Nielsen.
10:29 of 1st period - Stopped by Mike Brodeur with a rebound.
10:31 of 1st period - Slapshot by Frans Nielsen.
10:31 of 1st period - Stopped by Mike Brodeur with a rebound.
10:33 of 1st period - Wrist shot by Erik Christensen.
10:33 of 1st period - Stopped by Mike Brodeur with a rebound.
10:37 of 1st period - Slapshot by Frans Nielsen.
10:37 of 1st period - Shot Misses the Net.
10:39 of 1st period - Snap shot by Chris Stewart.
10:39 of 1st period - Stopped by Mike Brodeur without a rebound.
10:40 of 1st period - Tim Connolly wins face-off versus Daniel Alfredsson in Sharks zone.
10:41 of 1st period - Backhand shot by Marian Gaborik.
10:41 of 1st period - Stopped by Mike Brodeur with a rebound.
10:43 of 1st period - Snap shot by Denis Grebeshkov.
10:43 of 1st period - Stopped by Mike Brodeur with a rebound.
10:45 of 1st period - Slapshot by Sergei Gonchar.
10:45 of 1st period - Deflect By Boris Valabik.
10:45 of 1st period - Stopped by Mike Brodeur without a rebound.
10:46 of 1st period - Tim Connolly wins face-off versus Daniel Alfredsson in Sharks zone.
11:02 of 1st period - Penalty to Francis Bouillon is over, Francis Bouillon is back on ice.
11:11 of 1st period - Wrist shot by Marian Gaborik.
11:11 of 1st period - Shot Misses the Net.
11:27 of 1st period - Slapshot by Marian Gaborik.
11:27 of 1st period - Stopped by Mike Brodeur without a rebound.
11:28 of 1st period - Erik Christensen wins face-off versus Joe Sakic in Sharks zone.
12:01 of 1st period - Snap shot by Tuomo Ruutu.
12:01 of 1st period - Stopped by Ryan Miller without a rebound.
12:02 of 1st period - Adam Mair wins face-off versus Tim Connolly in Coyotes zone.
12:38 of 1st period - Snap shot by Dany Heatley.
12:38 of 1st period - Stopped by Ryan Miller without a rebound.
12:39 of 1st period - Joe Sakic wins face-off versus Tim Connolly in Coyotes zone.
12:50 of 1st period - Wrist shot by Tyler Ennis.
12:50 of 1st period - Stopped by Mike Brodeur without a rebound.
12:51 of 1st period - Tyler Ennis wins face-off versus Paul Gaustad in Sharks zone.
13:00 of 1st period - Wrist shot by Marian Gaborik.
13:00 of 1st period - Shot Blocked by Daniel Alfredsson.
13:04 of 1st period - Snap shot by Tim Connolly.
13:04 of 1st period - Shot Misses the Net.
13:06 of 1st period - Snap shot by Tim Connolly.
13:06 of 1st period - Shot Blocked by Michal Rozsival.
13:08 of 1st period - Slapshot by Denis Grebeshkov.
13:08 of 1st period - Shot Misses the Net.
13:14 of 1st period - Minor Penalty to Michal Rozsival for Interference.
13:15 of 1st period - Joe Sakic wins face-off versus Tim Connolly in Sharks zone.
13:15 of 1st period - Joe Sakic is hit by Marian Gaborik.
13:50 of 1st period - Snap shot by Saku Koivu.
13:50 of 1st period - Shot Misses the Net.
14:46 of 1st period - Boris Valabik is hit by Sergei Gonchar and loses puck.
15:14 of 1st period - Penalty to Michal Rozsival is over, Michal Rozsival is back on ice.
15:27 of 1st period - Slapshot by Alex Pietrangelo.
15:27 of 1st period - Stopped by Ryan Miller without a rebound.
15:28 of 1st period - Pavel Brendl wins face-off versus Adam Mair in Coyotes zone.
15:30 of 1st period - Minor Penalty to Pavel Brendl for Holding.
15:31 of 1st period - Frans Nielsen wins face-off versus Paul Gaustad in Coyotes zone.
15:31 of 1st period - Frans Nielsen is hit by Dany Heatley.
17:30 of 1st period - Penalty to Pavel Brendl is over, Pavel Brendl is back on ice.
17:40 of 1st period - Anton Stralman is hit by Adam Mair.
17:47 of 1st period - Off-side.
17:48 of 1st period - Tim Connolly wins face-off versus Adam Mair in neutral zone.
17:52 of 1st period - Minor Penalty to Tuomo Ruutu for Roughing.
17:53 of 1st period - Tim Connolly wins face-off versus Joe Sakic in Sharks zone.
18:01 of 1st period - Snap shot by Marian Gaborik.
18:01 of 1st period - Shot Misses the Net.
18:09 of 1st period - Snap shot by Tim Connolly.
18:09 of 1st period - Stopped by Mike Brodeur without a rebound.
18:10 of 1st period - Saku Koivu wins face-off versus Joe Sakic in Sharks zone.
18:13 of 1st period - Snap shot by Chris Stewart.
18:13 of 1st period - Stopped by Mike Brodeur without a rebound.
18:14 of 1st period - Joe Sakic wins face-off versus Saku Koivu in Sharks zone.
18:19 of 1st period - Dany Heatley is hit by Chris Stewart and loses puck.
18:34 of 1st period - 10 Minutes Misconduct Penalty to Shaone Morrisonn is over.
19:52 of 1st period - Penalty to Tuomo Ruutu is over, Tuomo Ruutu is back on ice.
Goals for this period are 0 for Sharks vs 0 for Coyotes.
Shots for this period are 3 for Sharks vs 14 for Coyotes.
2nd period
0:01 of 2nd period - Tim Connolly wins face-off versus Paul Gaustad in neutral zone.
0:16 of 2nd period - Snap shot by Paul Gaustad.
0:16 of 2nd period - Shot Misses the Net.
0:36 of 2nd period - Snap shot by Marian Gaborik.
0:36 of 2nd period - Stopped by Mike Brodeur with a rebound.
0:38 of 2nd period - Wrist shot by Tyler Ennis.
0:38 of 2nd period - Shot Blocked by Michal Rozsival.
0:40 of 2nd period - Slapshot by Tim Connolly.
0:40 of 2nd period - Goal by Tim Connolly - Sharks : 0 - Coyotes : 1.
0:41 of 2nd period - Saku Koivu wins face-off versus Joe Sakic in neutral zone.
0:45 of 2nd period - Off-side.
0:46 of 2nd period - Joe Sakic wins face-off versus Frans Nielsen in neutral zone.
0:49 of 2nd period - Andy Sutton is hit by Markus Naslund.
0:53 of 2nd period - Slapshot by Chris Stewart.
0:53 of 2nd period - Stopped by Mike Brodeur without a rebound.
0:54 of 2nd period - Paul Gaustad wins face-off versus Saku Koivu in Sharks zone.
1:03 of 2nd period - Slapshot by Saku Koivu.
1:03 of 2nd period - Shot Misses the Net.
1:10 of 2nd period - Off-side.
1:11 of 2nd period - Erik Christensen wins face-off versus Joe Sakic in neutral zone.
1:37 of 2nd period - Dany Heatley is hit by Frans Nielsen and loses puck.
1:58 of 2nd period - Slapshot by Saku Koivu.
1:58 of 2nd period - Stopped by Mike Brodeur with a rebound.
2:23 of 2nd period - Snap shot by Joe Sakic.
2:23 of 2nd period - Shot Misses the Net.
2:53 of 2nd period - Chris Stewart is hit by Boris Valabik and loses puck.
3:06 of 2nd period - Joe Sakic is hit by Tyler Ennis and loses puck.
3:23 of 2nd period - Sergei Gonchar is hit by Michal Rozsival and loses puck.
3:49 of 2nd period - Snap shot by Chris Stewart.
3:49 of 2nd period - Stopped by Mike Brodeur without a rebound.
3:50 of 2nd period - Joe Sakic wins face-off versus Saku Koivu in Sharks zone.
4:33 of 2nd period - Wrist shot by T.J. Oshie.
4:33 of 2nd period - Stopped by Mike Brodeur without a rebound.
4:34 of 2nd period - Pavel Brendl wins face-off versus Joe Sakic in Sharks zone.
4:44 of 2nd period - Michal Rozsival is hit by Shawn Thornton and loses puck.
4:47 of 2nd period - Wrist shot by Johnny Boychuk.
4:47 of 2nd period - Stopped by Ryan Miller with a rebound.
4:49 of 2nd period - Slapshot by Johnny Boychuk.
4:49 of 2nd period - Shot Misses the Net.
5:23 of 2nd period - Brandon Yip is hit by Adrian Aucoin.
5:31 of 2nd period - Minor Penalty to Saku Koivu for Interference.
5:32 of 2nd period - Frans Nielsen wins face-off versus Paul Gaustad in Coyotes zone.
5:48 of 2nd period - Slapshot by Alex Pietrangelo.
5:48 of 2nd period - Deflect By Ted Purcell.
5:48 of 2nd period - Stopped by Ryan Miller without a rebound.
5:49 of 2nd period - Paul Gaustad wins face-off versus Drew Miller in Coyotes zone.
5:50 of 2nd period - Slapshot by Alex Pietrangelo.
5:50 of 2nd period - Deflect By Ted Purcell.
5:50 of 2nd period - Shot Misses the Net.
5:50 of 2nd period - Puck is out of play.
5:51 of 2nd period - Frans Nielsen wins face-off versus Paul Gaustad in Coyotes zone.
5:51 of 2nd period - Frans Nielsen is hit by David Hale.
6:24 of 2nd period - Slapshot by Alex Pietrangelo.
6:24 of 2nd period - Stopped by Ryan Miller without a rebound.
6:25 of 2nd period - Frans Nielsen wins face-off versus Joe Sakic in Coyotes zone.
6:25 of 2nd period - Frans Nielsen is hit by Joe Sakic.
7:31 of 2nd period - Penalty to Saku Koivu is over, Saku Koivu is back on ice.
8:07 of 2nd period - Kurt Sauer is hit by Brandon Yip and loses puck.
8:12 of 2nd period - Wrist shot by Brandon Yip.
8:12 of 2nd period - Shot Blocked by Kurt Sauer.
8:14 of 2nd period - Wrist shot by Adam Mair.
8:14 of 2nd period - Shot Misses the Net.
8:16 of 2nd period - Wrist shot by Adam Mair.
8:16 of 2nd period - Stopped by Ryan Miller with a rebound.
8:18 of 2nd period - Slapshot by Adam Mair.
8:18 of 2nd period - Goal by Adam Mair - Sharks : 1 - Coyotes : 1.
8:19 of 2nd period - Paul Gaustad wins face-off versus Drew Miller in neutral zone.
8:26 of 2nd period - Wrist shot by Dany Heatley.
8:26 of 2nd period - Shot Blocked by Andy Sutton.
8:44 of 2nd period - T.J. Oshie is hit by Joe Sakic and loses puck.
9:25 of 2nd period - Paul Gaustad is hit by Erik Christensen and loses puck.
10:06 of 2nd period - Snap shot by Tuomo Ruutu.
10:06 of 2nd period - Stopped by Ryan Miller with a rebound.
10:08 of 2nd period - Slapshot by Brandon Yip.
10:08 of 2nd period - Shot Misses the Net.
10:33 of 2nd period - Adrian Aucoin is hit by Brandon Yip and loses puck.
10:36 of 2nd period - Snap shot by Chris Stewart.
10:36 of 2nd period - Deflect By Frans Nielsen.
10:36 of 2nd period - Shot Blocked by David Hale.
10:36 of 2nd period - Puck is out of play.
10:37 of 2nd period - Saku Koivu wins face-off versus Adam Mair in Sharks zone.
11:43 of 2nd period - Minor Penalty to Andy Sutton for Hooking.
11:44 of 2nd period - Paul Gaustad wins face-off versus Frans Nielsen in Coyotes zone.
11:56 of 2nd period - Snap shot by Dany Heatley.
11:56 of 2nd period - Stopped by Ryan Miller with a rebound.
11:58 of 2nd period - Slapshot by Alex Pietrangelo.
11:58 of 2nd period - Stopped by Ryan Miller without a rebound.
11:59 of 2nd period - Frans Nielsen wins face-off versus Paul Gaustad in Coyotes zone.
12:12 of 2nd period - Slapshot by Paul Gaustad.
12:12 of 2nd period - Goal by Paul Gaustad - Sharks : 2 - Coyotes : 1.
12:13 of 2nd period - Tim Connolly wins face-off versus Paul Gaustad in neutral zone.
13:01 of 2nd period - Icing by Alex Pietrangelo.
13:02 of 2nd period - Joe Sakic wins face-off versus Saku Koivu in Sharks zone.
13:15 of 2nd period - Wrist shot by Saku Koivu.
13:15 of 2nd period - Shot Blocked by Daniel Alfredsson.
13:23 of 2nd period - Minor Penalty to Paul Gaustad for Slashing.
13:24 of 2nd period - Joe Sakic wins face-off versus Tim Connolly in Sharks zone.
13:58 of 2nd period - Wrist shot by Daniel Alfredsson.
13:58 of 2nd period - Shot Blocked by Sergei Gonchar.
14:00 of 2nd period - Snap shot by Daniel Alfredsson.
14:00 of 2nd period - Shot Misses the Net.
14:02 of 2nd period - Backhand shot by Daniel Alfredsson.
14:02 of 2nd period - Shot Misses the Net.
14:04 of 2nd period - Wrist shot by Daniel Alfredsson.
14:04 of 2nd period - Shot Blocked by Frans Nielsen.
15:23 of 2nd period - Penalty to Paul Gaustad is over, Paul Gaustad is back on ice.
16:04 of 2nd period - Off-side.
16:05 of 2nd period - Paul Gaustad wins face-off versus Erik Christensen in neutral zone.
17:10 of 2nd period - Wrist shot by Erik Christensen.
17:10 of 2nd period - Shot Blocked by Francis Bouillon.
17:44 of 2nd period - Ted Purcell is hit by Tim Connolly.
19:10 of 2nd period - Wrist shot by Frans Nielsen.
19:10 of 2nd period - Deflect By Chris Stewart.
19:10 of 2nd period - Shot Blocked by David Hale.
19:10 of 2nd period - Puck is out of play.
19:11 of 2nd period - Paul Gaustad wins face-off versus Saku Koivu in Sharks zone.
19:22 of 2nd period - Slapshot by Tim Connolly.
19:22 of 2nd period - Stopped by Mike Brodeur without a rebound.
19:23 of 2nd period - Tim Connolly wins face-off versus Paul Gaustad in Sharks zone.
Goals for this period are 2 for Sharks vs 1 for Coyotes.
Shots for this period are 9 for Sharks vs 7 for Coyotes.
3rd period
0:01 of 3rd period - Tyler Ennis wins face-off versus Joe Sakic in neutral zone.
0:12 of 3rd period - Wrist shot by Ted Purcell.
0:12 of 3rd period - Shot Blocked by Andy Sutton.
0:14 of 3rd period - Wrist shot by Ted Purcell.
0:14 of 3rd period - Deflect By Joe Sakic.
0:14 of 3rd period - Stopped by Ryan Miller without a rebound.
0:15 of 3rd period - Paul Gaustad wins face-off versus Erik Christensen in Coyotes zone.
0:22 of 3rd period - Snap shot by Paul Gaustad.
0:22 of 3rd period - Shot Misses the Net.
0:28 of 3rd period - Slapshot by Adrian Aucoin.
0:28 of 3rd period - Deflect By Daniel Alfredsson.
0:28 of 3rd period - Stopped by Mike Brodeur with a rebound.
0:30 of 3rd period - Minor Penalty to Michal Rozsival for Hooking.
0:31 of 3rd period - Joe Sakic wins face-off versus Tim Connolly in Sharks zone.
1:07 of 3rd period - Snap shot by Saku Koivu.
1:07 of 3rd period - Goal by Saku Koivu - Sharks : 2 - Coyotes : 2.
1:08 of 3rd period - Daniel Alfredsson wins face-off versus Tim Connolly in neutral zone.
2:00 of 3rd period - Snap shot by Ted Purcell.
2:00 of 3rd period - Shot Misses the Net.
2:02 of 3rd period - Snap shot by Joe Sakic.
2:02 of 3rd period - Shot Blocked by Chris Stewart.
2:04 of 3rd period - Snap shot by Ted Purcell.
2:04 of 3rd period - Deflect By Saku Koivu.
2:04 of 3rd period - Goal by Ted Purcell - Sharks : 3 - Coyotes : 2.
2:05 of 3rd period - Paul Gaustad wins face-off versus Erik Christensen in neutral zone.
2:16 of 3rd period - Slapshot by Daniel Alfredsson.
2:16 of 3rd period - Stopped by Ryan Miller with a rebound.
2:30 of 3rd period - Wrist shot by Adam Mair.
2:30 of 3rd period - Shot Hit the Post.
2:50 of 3rd period - Wrist shot by Sami Kapanen.
2:50 of 3rd period - Shot Blocked by Francis Bouillon.
2:52 of 3rd period - Snap shot by Erik Christensen.
2:52 of 3rd period - Shot Misses the Net.
2:54 of 3rd period - Slapshot by Sergei Gonchar.
2:54 of 3rd period - Shot Blocked by Francis Bouillon.
2:56 of 3rd period - Slapshot by Sergei Gonchar.
2:56 of 3rd period - Stopped by Mike Brodeur with a rebound.
3:00 of 3rd period - Slapshot by Drew Miller.
3:00 of 3rd period - Deflect By Erik Christensen.
3:00 of 3rd period - Shot Misses the Net.
3:00 of 3rd period - Puck is out of play.
3:01 of 3rd period - Tim Connolly wins face-off versus Joe Sakic in Sharks zone.
3:26 of 3rd period - Johnny Boychuk is hit by Frans Nielsen and loses puck.
3:49 of 3rd period - Snap shot by Tuomo Ruutu.
3:49 of 3rd period - Shot Misses the Net.
4:23 of 3rd period - Snap shot by Joe Sakic.
4:23 of 3rd period - Shot Blocked by Denis Grebeshkov.
4:29 of 3rd period - Minor Penalty to Saku Koivu for Holding.
4:30 of 3rd period - Paul Gaustad wins face-off versus Frans Nielsen in Coyotes zone.
5:12 of 3rd period - Snap shot by Frans Nielsen.
5:12 of 3rd period - Stopped by Mike Brodeur with a rebound.
5:50 of 3rd period - Wrist shot by Drew Miller.
5:50 of 3rd period - Deflect By Frans Nielsen.
5:50 of 3rd period - Goal by Frans Nielsen - Sharks : 3 - Coyotes : 3.
5:51 of 3rd period - Paul Gaustad wins face-off versus Tim Connolly in neutral zone.
6:00 of 3rd period - Snap shot by Ted Purcell.
6:00 of 3rd period - Shot Misses the Net.
6:02 of 3rd period - Slapshot by Michal Rozsival.
6:02 of 3rd period - Deflect By Dany Heatley.
6:02 of 3rd period - Stopped by Ryan Miller with a rebound.
6:04 of 3rd period - Snap shot by Dany Heatley.
6:04 of 3rd period - Shot Blocked by Anton Stralman.
6:29 of 3rd period - Penalty to Saku Koivu is over, Saku Koivu is back on ice.
6:42 of 3rd period - Wrist shot by T.J. Oshie.
6:42 of 3rd period - Stopped by Mike Brodeur with a rebound.
7:02 of 3rd period - Wrist shot by Saku Koivu.
7:02 of 3rd period - Shot Blocked by Paul Gaustad.
7:04 of 3rd period - Minor Penalty to Shaone Morrisonn for Holding.
7:05 of 3rd period - Tim Connolly wins face-off versus Joe Sakic in Sharks zone.
7:06 of 3rd period - Wrist shot by Marian Gaborik.
7:06 of 3rd period - Goal by Marian Gaborik - Sharks : 3 - Coyotes : 4.
7:07 of 3rd period - Paul Gaustad wins face-off versus Tim Connolly in neutral zone.
7:14 of 3rd period - Snap shot by Daniel Alfredsson.
7:14 of 3rd period - Stopped by Ryan Miller without a rebound.
7:15 of 3rd period - Paul Gaustad wins face-off versus Tim Connolly in Coyotes zone.
7:28 of 3rd period - Slapshot by Dany Heatley.
7:28 of 3rd period - Stopped by Ryan Miller with a rebound.
7:30 of 3rd period - Snap shot by Paul Gaustad.
7:30 of 3rd period - Stopped by Ryan Miller with a rebound.
8:00 of 3rd period - Snap shot by Erik Christensen.
8:00 of 3rd period - Stopped by Mike Brodeur with a rebound.
8:27 of 3rd period - Snap shot by Michal Rozsival.
8:27 of 3rd period - Deflect By Dany Heatley.
8:27 of 3rd period - Shot Misses the Net.
8:27 of 3rd period - Puck is out of play.
8:28 of 3rd period - Joe Sakic wins face-off versus Marian Gaborik in Coyotes zone.
8:29 of 3rd period - Slapshot by Alex Pietrangelo.
8:29 of 3rd period - Shot Misses the Net.
8:31 of 3rd period - Snap shot by Markus Naslund.
8:31 of 3rd period - Shot Misses the Net.
8:33 of 3rd period - Snap shot by Alex Pietrangelo.
8:33 of 3rd period - Shot Blocked by Sergei Gonchar.
8:35 of 3rd period - Slapshot by Alex Pietrangelo.
8:35 of 3rd period - Shot Blocked by Tim Connolly.
8:41 of 3rd period - Wrist shot by Ted Purcell.
8:41 of 3rd period - Deflect By Markus Naslund.
8:41 of 3rd period - Shot Misses the Net.
8:41 of 3rd period - Puck is out of play.
8:42 of 3rd period - Tim Connolly wins face-off versus Paul Gaustad in Coyotes zone.
8:55 of 3rd period - Slapshot by Alex Pietrangelo.
8:55 of 3rd period - Shot Blocked by Adrian Aucoin.
8:57 of 3rd period - Wrist shot by Daniel Alfredsson.
8:57 of 3rd period - Deflect By Paul Gaustad.
8:57 of 3rd period - Shot Misses the Net.
8:57 of 3rd period - Puck is out of play.
8:58 of 3rd period - Joe Sakic wins face-off versus Saku Koivu in Coyotes zone.
9:01 of 3rd period - Slapshot by Joe Sakic.
9:01 of 3rd period - Stopped by Ryan Miller without a rebound.
9:02 of 3rd period - Joe Sakic wins face-off versus Saku Koivu in Coyotes zone.
9:11 of 3rd period - Slapshot by Sergei Gonchar.
9:11 of 3rd period - Deflect By Saku Koivu.
9:11 of 3rd period - Shot Misses the Net.
9:11 of 3rd period - Puck is out of play.
9:12 of 3rd period - Paul Gaustad wins face-off versus Tim Connolly in Sharks zone.
9:12 of 3rd period - Paul Gaustad is hit by Anton Stralman.
9:36 of 3rd period - Minor Penalty to Paul Gaustad for High sticking.
9:37 of 3rd period - Tim Connolly wins face-off versus Joe Sakic in Sharks zone.
9:42 of 3rd period - Snap shot by Tim Connolly.
9:42 of 3rd period - Stopped by Mike Brodeur without a rebound.
9:43 of 3rd period - Tim Connolly wins face-off versus Joe Sakic in Sharks zone.
10:05 of 3rd period - Off-side.
10:06 of 3rd period - Joe Sakic wins face-off versus Chris Stewart in neutral zone.
11:36 of 3rd period - Penalty to Paul Gaustad is over, Paul Gaustad is back on ice.
12:04 of 3rd period - Snap shot by Anton Stralman.
12:04 of 3rd period - Shot Blocked by Boris Valabik.
13:55 of 3rd period - Johnny Boychuk is hit by Shawn Thornton.
17:22 of 3rd period - Snap shot by Kurt Sauer.
17:22 of 3rd period - Stopped by Mike Brodeur with a rebound.
17:49 of 3rd period - Minor Penalty to Paul Gaustad for Interference.
17:50 of 3rd period - Joe Sakic wins face-off versus Tim Connolly in Sharks zone.
18:14 of 3rd period - Daniel Alfredsson is hit by Denis Grebeshkov and loses puck.
18:23 of 3rd period - Martin Samuelsson is hit by Frans Nielsen and loses puck.
19:49 of 3rd period - Penalty to Paul Gaustad is over, Paul Gaustad is back on ice.
19:49 of 3rd period - Erik Christensen is hit by Adam Mair and loses puck.
19:52 of 3rd period - Sharks, Mike Brodeur is pulled from the net.
Goals for this period are 1 for Sharks vs 3 for Coyotes.
Shots for this period are 8 for Sharks vs 10 for Coyotes.
Output by the SimonT Hockey Simulator (STHS) for François Prévost -- Original Page W3C XHTML 1.0 Valid